[Event "ICCopen2016"]
[Site "Internet Chess Club"]
[Date "2016.06.03"]
[Round "3"]
[White "Nostradamus"]
[Black "Dlugy"]
[Result "0-1"]
[ICCResult "White resigns"]
[WhiteElo "2470"]
[BlackElo "2959"]
[Opening "Scandinavian (center counter) defense"]
[ECO "B01"]
[NIC "VO.17"]
[Time "19:22:49"]
[TimeControl "180+0"]

1. e4 d5 2. Nc3 d4 3. Nce2 g6 4. Ng3 h5 5. h4 Bg7 6. Bc4 Nc6 7. Nf3 e5 8. d3
Bg4 9. Bg5 f6 10. Bd2 Qd7 11. Qe2 Nge7 12. O-O-O O-O-O 13. Kb1 Kb8 14. a3 a6
15. Rdg1 Nc8 16. Qe1 Nb6 17. Ba2 Ne7 18. Nh2 Be6 19. Bxe6 Qxe6 20. f4 Na4
21. fxe5 Qb6 22. Bc1 fxe5 23. Nf3 Bh6 24. Ng5 Bxg5 25. hxg5 Rhf8 26. Ne2 Qe6
27. Qg3 Rf7 28. Rf1 Rdf8 29. Rxf7 Rxf7 30. Ng1 Nb6 31. Nf3 Nd7 32. Rf1 Kc8
33. Nd2 Rxf1 34. Nxf1 Qf7 35. Nh2 Nc6 36. Nf3 b5 37. b3 a5 38. Qh3 Kd8 39.
Qg3 b4 40. a4 Ke7 41. Qh3 Qe6 42. Qg3 Nd8 43. Nd2 Nb6 44. Nf3 Nf7 45. Bd2
Nd7 46. Bc1 Nf8 47. Nd2 Nd6 48. Nf3 Nd7 49. Bd2 Nf7 50. Bc1 Nc5 51. Nd2 Qg4
52. Qxg4 hxg4 53. Nc4 Nb7 54. Bd2 Ke6 55. Kc1 Nfd6 56. Nxd6 cxd6 57. Kd1 d5
58. Ke2 dxe4 59. dxe4 Nc5 60. Be1 Nxe4 61. Kd3 Kd5 62. g3 Nxg5 {White
resigns} 0-1

[Event "ICCopen2016"]
[Site "Internet Chess Club"]
[Date "2016.06.03"]
[Round "3"]
[White "vanboy"]
[Black "mikeyb"]
[Result "1-0"]
[ICCResult "Black resigns"]
[WhiteElo "2470"]
[BlackElo "2149"]
[Opening "Caro-Kann: classical, Spassky variation"]
[ECO "B18"]
[NIC "CK.12"]
[Time "19:22:59"]
[TimeControl "180+0"]

1. e4 c6 2. d4 d5 3. Nc3 dxe4 4. Nxe4 Bf5 5. Ng3 Bg6 6. Nf3 Nd7 7. h4 h6 8.
h5 Bh7 9. Bd3 Bxd3 10. Qxd3 Qc7 11. Bd2 e6 12. O-O-O Ngf6 13. Rhe1 O-O-O 14.
Kb1 Bd6 15. Ne4 Nxe4 16. Qxe4 Nf6 17. Qe2 Nxh5 18. Ne5 Nf6 19. c4 Bxe5 20.
dxe5 Nd7 21. Bc3 Nc5 22. Bd4 Qa5 23. Qe3 b6 24. Bc3 Qa6 25. Qf4 Qb7 26. Bd4
Rd7 27. Bxc5 bxc5 28. Qe3 Qb4 29. Rxd7 Kxd7 30. Rd1+ Kc8 31. Qd3 Qb7 32. Qd6
Qc7 33. Qxc5 Rd8 34. Rxd8+ Kxd8 35. Qf8+ Kd7 36. Qxf7+ Kc8 37. Qxc7+ Kxc7
38. b4 Kb6 39. Kb2 a5 40. a3 axb4 41. axb4 g6 42. Kc3 Kc7 43. Kd4 Kd7 44.
Kc5 Kc7 45. b5 cxb5 46. cxb5 Kb7 47. Kd6 {Black resigns} 1-0

[Event "ICCopen2016"]
[Site "Internet Chess Club"]
[Date "2016.06.03"]
[Round "3"]
[White "Peretyatko"]
[Black "AttackSparrow"]
[Result "1-0"]
[ICCResult "Black forfeits on time"]
[WhiteElo "2784"]
[BlackElo "2225"]
[Opening "Mieses opening"]
[ECO "A00"]
[NIC "VO.13"]
[Time "19:22:21"]
[TimeControl "180+0"]

1. d3 Nf6 2. g3 g6 3. Bg2 Bg7 4. c4 O-O 5. Nc3 c6 6. Nf3 d6 7. O-O Qa5 8.
Qd2 Qh5 9. Qg5 Qxg5 10. Bxg5 Na6 11. Rab1 Bg4 12. Rfc1 Nc5 13. Kf1 e5 14. h3
Bf5 15. Bxf6 Bxf6 16. b4 Nd7 17. b5 Rab8 18. Nd2 Be6 19. h4 Rfc8 20. bxc6
bxc6 21. Rxb8 Nxb8 22. Rb1 Bd8 23. Rb7 Bb6 24. Na4 Nd7 25. Ne4 d5 26. Ng5
Nc5 27. Nxc5 Bxc5 28. Nxe6 fxe6 29. Bh3 Re8 30. Rc7 Bb6 31. Rxc6 Kf7 32. c5
Ba5 33. Ra6 Bb4 34. c6 Re7 35. c7 Rxc7 36. Bxe6+ Kg7 37. Bxd5 Bc5 38. Kg2
Rd7 39. Bc4 Bb6 40. a4 Re7 41. e3 Bc5 42. Rc6 Bb6 43. g4 Rc7 44. Re6 Rc5 45.
g5 Kf8 46. Kf3 Kg7 47. Ke4 Kf8 48. Rxe5 Rc7 49. d4 Kg7 50. f4 Rxc4 51. Re7+
Kf8 52. Rb7 Rxa4 53. Ke5 Ra3 54. Ke4 Rc3 55. Rb8+ Kf7 56. Rh8 Rc7 57. Rxh7+
Ke6 58. Rh6 Kf7 59. h5 Kg7 60. Rxg6+ Kh7 61. f5 Re7+ 62. Kf4 Bc7+ 63. Kf3 a5
64. Rh6+ Kg7 65. Rg6+ Kf7 66. Ra6 Ke8 67. g6 Kd7 68. f6 {Black forfeits on
time} 1-0

[Event "ICCopen2016"]
[Site "Internet Chess Club"]
[Date "2016.06.03"]
[Round "3"]
[White "ROWLAND"]
[Black "Rude-Dude"]
[Result "1/2-1/2"]
[ICCResult "White stalemated"]
[WhiteElo "1575"]
[BlackElo "1328"]
[Opening "Caro-Kann: Panov-Botvinnik attack, 5...e6"]
[ECO "B14"]
[NIC "CK.03"]
[Time "19:22:09"]
[TimeControl "180+0"]

1. e4 d5 2. exd5 Nf6 3. c4 c6 4. d4 cxd5 5. Nc3 e6 6. a3 Be7 7. Nf3 O-O 8.
Bd3 Nc6 9. O-O Bd7 10. c5 a6 11. Bc2 Na5 12. Qd3 Ne4 13. Nxe4 dxe4 14. Qxe4
f5 15. Qf4 Nc4 16. g4 fxg4 17. Qxg4 e5 18. Qh5 g6 19. Bxg6 hxg6 20. Qxg6+
Kh8 21. Qh6+ Kg8 22. Qg6+ Kh8 23. Ng5 Bxg5 24. Bxg5 Qxg5+ 25. Qxg5 Rg8 26.
h4 Nd2 27. Kg2 Nxf1 28. Kxf1 Rxg5 29. hxg5 Rg8 30. d5 Rxg5 31. Rc1 Bb5+ 32.
Ke1 Rg1+ 33. Kd2 Rxc1 34. Kxc1 Kg7 35. Kd2 Kf7 36. Ke3 Ke7 37. Ke4 Kf6 38.
b3 Bd7 39. a4 a5 40. d6 Bc6+ 41. Ke3 Ke6 42. f4 exf4+ 43. Kxf4 Kd5 44. Ke3
Kxc5 45. d7 Bxd7 46. Kd3 Bc6 47. Kc3 Bd5 48. Kb2 Kb4 49. Kc2 Bxb3+ 50. Kb2
Bxa4 51. Kc1 Bb5 52. Kb2 Bc4 53. Ka1 a4 54. Kb2 a3+ 55. Kb1 Kb3 56. Ka1 b6
57. Kb1 Bd3+ 58. Ka1 Kc2 59. Ka2 b5 60. Kxa3 Kc3 61. Ka2 b4 62. Ka1 b3
{White stalemated}
1/2-1/2

[Event "ICCopen2016"]
[Site "Internet Chess Club"]
[Date "2016.06.03"]
[Round "3"]
[White "born2die"]
[Black "BrentMusburger"]
[Result "1/2-1/2"]
[ICCResult "White ran out of time and Black has no material to mate"]
[WhiteElo "1773"]
[BlackElo "2407"]
[Opening "Sicilian: Grand Prix attack"]
[ECO "B21"]
[NIC "SI.48"]
[Time "19:22:01"]
[TimeControl "180+0"]

1. e4 c5 2. f4 d5 3. d3 dxe4 4. dxe4 Qxd1+ 5. Kxd1 Nf6 6. e5 Ne4 7. Be3 Bf5
8. Nf3 h6 9. Nbd2 Nxd2 10. Kxd2 e6 11. Bd3 Bxd3 12. cxd3 Nc6 13. a3 O-O-O
14. Kc2 Nd4+ 15. Bxd4 cxd4 16. Nd2 f6 17. Rhe1 f5 18. h3 g5 19. g3 Rg8 20.
Rg1 Be7 21. a4 b6 22. Nc4 Kb7 23. a5 b5 24. a6+ Kc6 25. Na5+ Kb6 26. Nb7
Rc8+ 27. Kb3 gxf4 28. gxf4 Bh4 29. Nd6 Rcf8 30. Rgc1 Bg3 31. Rf1 Bh2 32. Rf2
Bg3 33. Rc2 Bxf4 34. Rf1 Bxe5 35. Rfc1 Rc8 36. Nxc8+ Kxa6 37. Rc6+ Kb7 38.
Nd6+ Bxd6 39. Rxd6 Re8 40. Rcc6 e5 41. Re6 Rd8 42. Rcd6 Rc8 43. Rxe5 f4 44.
Rf5 Rc7 45. Rdf6 a5 46. Rf7 a4+ 47. Kb4 Kb6 48. Rxc7 Kxc7 49. Kxb5 Kd6 50.
Kc4 Ke6 51. Rxf4 Ke5 52. Rxd4 Kf5 53. Rh4 Kg5 54. Rd4 Kf5 55. Re4 Kf6 56. d4
Kf5 57. Re7 Kf6 58. Ra7 Kg6 59. Rxa4 Kg5 60. Ra6 h5 61. Ra5+ Kf4 62. Rxh5
Kg3 {White ran out of time and Black has no material to mate} 1/2-1/2

[Event "ICCopen2016"]
[Site "Internet Chess Club"]
[Date "2016.06.03"]
[Round "3"]
[White "Taechess"]
[Black "wolvie"]
[Result "0-1"]
[ICCResult "White checkmated"]
[WhiteElo "1304"]
[BlackElo "1586"]
[Opening "Sicilian: closed"]
[ECO "B23"]
[NIC "SI.44"]
[Time "19:22:48"]
[TimeControl "180+0"]

1. e4 c5 2. Nc3 d6 3. f4 Nc6 4. Nf3 e6 5. d4 cxd4 6. Nxd4 Nxd4 7. Qxd4 Nf6
8. Bb5+ Bd7 9. O-O Be7 10. Bxd7+ Qxd7 11. e5 dxe5 12. Qxd7+ Nxd7 13. fxe5
Nxe5 14. Bf4 Ng6 15. Nb5 O-O 16. Bd6 a6 17. Bxe7 Nxe7 18. Nd6 Rad8 19. Nxb7
Rb8 20. Nc5 Rxb2 21. Nxa6 Rxc2 22. Nb4 Rb2 23. Nd3 Rd2 24. Rfd1 Rc2 25. Nb4
Re2 26. Re1 Rb2 27. Rab1 Rd2 28. Kf1 Rfd8 29. Re2 R2d4 30. h3 Rb8 31. Reb2
Nf5 32. Nc6 Rxb2 33. Rxb2 Rf4+ 34. Kg1 g5 35. Rb8+ Kg7 36. Ra8 h5 37. a4 h4
38. a5 Ng3 39. Rg8+ Kxg8 40. Ne7+ Kf8 41. Ng6+ fxg6 42. Kh2 Rf1 43. a6 Rh1#
{White checkmated}
0-1

[Event "ICCopen2016"]
[Site "Internet Chess Club"]
[Date "2016.06.03"]
[Round "3"]
[White "manta2"]
[Black "smyslovfan"]
[Result "0-1"]
[ICCResult "White forfeits on time"]
[WhiteElo "1161"]
[BlackElo "1552"]
[Opening "Nimzo-Indian: classical variation"]
[ECO "E32"]
[NIC "NI.24"]
[Time "19:23:10"]
[TimeControl "180+0"]

1. d4 Nf6 2. c4 e6 3. Nc3 Bb4 4. Qc2 Qe7 5. Nf3 O-O 6. e4 d6 7. Bd3 e5 8. d5
Nbd7 9. O-O a5 10. Be3 Ng4 11. Bd2 Nc5 12. Be2 f5 13. a3 Bxc3 14. Bxc3 fxe4
15. b4 exf3 16. Bxf3 axb4 17. axb4 Rxa1 18. Bxa1 Na6 19. b5 Nc5 20. Qe2 Qh4
21. h3 Nh6 22. Bc3 Nf5 23. Bg4 Nd4 24. Bxd4 Bxg4 25. Qxg4 Qxg4 26. hxg4 exd4
27. f4 Re8 28. f5 Kf7 29. g5 Re5 30. g4 d3 {White forfeits on time} 0-1

[Event "ICCopen2016"]
[Site "Internet Chess Club"]
[Date "2016.06.03"]
[Round "3"]
[White "Maxbet"]
[Black "Sam08"]
[Result "1-0"]
[ICCResult "Black resigns"]
[WhiteElo "2958"]
[BlackElo "2485"]
[Opening "Queen's pawn game"]
[ECO "A46"]
[NIC "QP.05"]
[Time "19:22:26"]
[TimeControl "180+0"]

1. d4 Nf6 2. Nf3 e6 3. Bf4 d5 4. e3 Bd6 5. Bg3 c5 6. Nbd2 O-O 7. c3 Nc6 8.
Bb5 Ne7 9. dxc5 Bxc5 10. Bd3 b6 11. e4 Bb7 12. e5 Ne4 13. b4 Nxc3 14. Qb3 d4
15. bxc5 Bd5 16. Qc2 bxc5 17. O-O Ng6 18. h4 Re8 19. h5 Nf8 20. h6 g6 21.
Ne4 Bxe4 22. Bxe4 Rc8 23. Bb7 Rc7 24. Ba6 Qd5 25. Nd2 c4 26. Rfe1 Nd7 27.
Bf4 Nb6 28. a4 Qa5 29. Bb5 Rec8 30. Ne4 a6 31. Nxc3 dxc3 32. Be3 Nd5 33.
Bxa6 Qxa6 34. Bd4 Rb7 35. Rab1 Rcb8 36. g3 Rb2 37. Rxb2 Rxb2 38. Qe4 Qxa4
39. Rc1 Qb3 40. Kg2 Rd2 41. Ra1 Ra2 42. Rb1 Rb2 43. Ra1 Ra2 44. Rb1 Rb2 45.
Rc1 c2 46. Bxb2 Qxb2 47. Qxc2 Qb7 48. Kh2 f5 49. Qxc4 Kf7 50. Qc8 Ne7 51.
Qxb7 {Black resigns} 1-0

[Event "ICCopen2016"]
[Site "Internet Chess Club"]
[Date "2016.06.03"]
[Round "3"]
[White "SCORPION83"]
[Black "B-Alqudaimi"]
[Result "1-0"]
[ICCResult "Black checkmated"]
[WhiteElo "3033"]
[BlackElo "2522"]
[Opening "Budapest: Rubinstein variation"]
[ECO "A52"]
[NIC "QG.01"]
[Time "19:21:56"]
[TimeControl "180+0"]

1. d4 Nf6 2. c4 e5 3. dxe5 Ng4 4. Bf4 Nc6 5. Nf3 Bb4+ 6. Nbd2 f6 7. exf6
Qxf6 8. e3 Qxb2 9. Be2 Nge5 10. O-O d6 11. Nb3 O-O 12. Bg3 Nxf3+ 13. Bxf3
Be6 14. Bd5 Qf6 15. Rb1 a5 16. Nd2 Bxd5 17. cxd5 Ne7 18. a3 Bxa3 19. Rxb7
Bb4 20. Nf3 Qf5 21. Rxc7 Nxd5 22. Rc4 Nf6 23. Bxd6 Rfd8 24. Rd4 Bxd6 25.
Rxd6 Rxd6 26. Qxd6 a4 27. Ra1 Qc8 28. h3 h6 29. Nd4 Qe8 30. Qb4 Kh8 31. Nf5
Qe4 32. Qxe4 Nxe4 33. Nd4 a3 34. Kf1 Nc3 35. Ke1 a2 36. Kd2 Rb8 37. Kxc3 Rb1
38. Nc2 Rb7 39. Rxa2 Rc7+ 40. Kd3 Kh7 41. Nd4 Rf7 42. e4 h5 43. e5 Re7 44.
e6 Rb7 45. Ke4 Rb1 46. Ke5 Re1+ 47. Re2 Rb1 48. e7 Rb8 49. Nc6 Kg8 50. Ke6
Rc8 51. Rd2 Kh7 52. Rd8 Rxc6+ 53. Kd7 Rc2 54. e8=Q Rd2+ 55. Kc6 Rc2+ 56. Kb5
Rb2+ 57. Ka4 Ra2+ 58. Kb3 Ra5 59. Qe4+ g6 60. Rd7+ Kh6 61. Qf4+ Rg5 62. Qf8#
{Black checkmated}
1-0

[Event "ICCopen2016"]
[Site "Internet Chess Club"]
[Date "2016.06.03"]
[Round "3"]
[White "nurmi"]
[Black "OparinGrigoriy"]
[Result "0-1"]
[ICCResult "White forfeits on time"]
[WhiteElo "2318"]
[BlackElo "2807"]
[Opening "English opening"]
[ECO "A13"]
[NIC "EO.64"]
[Time "19:22:11"]
[TimeControl "180+0"]

1. c4 e6 2. g3 d5 3. Bg2 dxc4 4. Nf3 a6 5. O-O Nd7 6. a4 Ngf6 7. Na3 b5 8.
axb5 axb5 9. Nd4 Nd5 10. Ndxb5 Bb7 11. b3 cxb3 12. Qxb3 Be7 13. Bb2 O-O 14.
Rfc1 Nc5 15. Qf3 Na4 16. Be5 c6 17. Nd4 c5 18. Ndb5 f6 19. Bf4 Nxf4 20. Qxf4
Bxg2 21. Kxg2 Qd7 22. Rab1 Nb6 23. d3 Nd5 24. Qf3 Rfb8 25. Rb3 Rxa3 26. Rxa3
Qxb5 27. Ra7 Qe8 28. Qe4 Bf8 29. h4 Nb4 30. Rb1 h5 31. Rba1 Qc6 32. Kf3
Qxe4+ 33. Kxe4 Rd8 34. Rc7 Rd4+ 35. Kf3 Nd5 36. Rc6 Kf7 37. Ra7+ Ne7 38.
Rxc5 Rd6 39. Rc4 g6 40. Rcc7 e5 41. Ke4 Re6 42. Ke3 f5 43. Kd2 Bh6+ 44. Kc2
Bg7 45. Kb3 Bf6 46. Kc4 e4 47. d4 e3 48. fxe3 Rxe3 49. d5 Re4+ 50. Kc5 Kf8
51. d6 Ng8 52. Kc6 Bd8 53. Rf7+ Ke8 54. Rg7 Nf6 55. Raf7 Rc4+ 56. Kb5 Re4
57. d7+ Nxd7 58. Rxd7 Re5+ 59. Kc6 Re7 60. Kc5 Rxd7 61. Rxd7 Kxd7
{White forfeits on time}
0-1

[Event "ICCopen2016"]
[Site "Internet Chess Club"]
[Date "2016.06.03"]
[Round "3"]
[White "capablance2"]
[Black "luckypawns"]
[Result "0-1"]
[ICCResult "White forfeits on time"]
[WhiteElo "1265"]
[BlackElo "1563"]
[Opening "French: advance variation"]
[ECO "C02"]
[NIC "FR.03"]
[Time "19:22:51"]
[TimeControl "180+0"]

1. e4 d5 2. e5 e6 3. d4 c5 4. Bb5+ Bd7 5. Bxd7+ Nxd7 6. c3 Qc7 7. Nf3 Ne7 8.
O-O Nf5 9. Be3 Be7 10. Na3 O-O-O 11. Nb5 Qb6 12. a4 Kb8 13. dxc5 Bxc5 14.
Bxc5 Nxc5 15. b4 Ne4 16. Nfd4 a6 17. Nxf5 exf5 18. Nd6 Nxd6 19. exd6 Rxd6
20. a5 Qb5 21. Rc1 Rhd8 22. Qf3 g6 23. Qh3 h5 24. Qg3 Ka8 25. Qe5 d4 26.
cxd4 Rxd4 27. Qe7 R8d7 28. Qe8+ Ka7 29. Rb1 Rc7 30. Qe3 Rc4 31. h3 Qd7 32.
Rfd1 Kb8 33. Rxd4 Rxd4 34. Qc3 Rd1+ 35. Rxd1 Qxd1+ {White forfeits on time}
0-1

[Event "ICCopen2016"]
[Site "Internet Chess Club"]
[Date "2016.06.03"]
[Round "3"]
[White "BlitzorDDD"]
[Black "Discoverchess"]
[Result "1/2-1/2"]
[ICCResult "Game drawn by repetition"]
[WhiteElo "2964"]
[BlackElo "2528"]
[Opening "English: four knights, kingside fianchetto"]
[ECO "A29"]
[NIC "EO.04"]
[Time "19:22:53"]
[TimeControl "180+0"]

1. c4 e5 2. Nc3 Nc6 3. Nf3 Nf6 4. g3 Bc5 5. Bg2 d6 6. O-O a6 7. e3 Ba7 8. b3
O-O 9. Bb2 Bf5 10. d3 Qd7 11. Rc1 h6 12. Nh4 Bg4 13. Qd2 Rad8 14. Nd5 Nxd5
15. cxd5 Ne7 16. f4 Bh3 17. Rce1 Bxg2 18. Qxg2 Qb5 19. Kh1 Qxd5 20. e4 Qxd3
21. fxe5 dxe5 22. Bxe5 Ng6 23. Bxc7 Rc8 24. Rd1 Qb5 25. Bd6 Rfe8 26. Nxg6
fxg6 27. e5 Kh7 28. Rf7 Rcd8 29. Rdf1 Bd4 30. Rxb7 Qd3 31. Re7 Rxe7 32. Bxe7
Re8 33. Bd6 Bxe5 34. Bxe5 Rxe5 35. Qf3 Qc2 36. Rf2 Re1+ 37. Kg2 Qc1 38. Qd5
Rg1+ 39. Kf3 Qc3+ 40. Kg4 Qc8+ 41. Kf3 Qf8+ 42. Ke2 Qe7+ 43. Kf3 Qf6+ 44.
Ke2 Qe7+ 45. Kf3 Re1 46. Kg2 Re2 47. Qf3 Rxf2+ 48. Kxf2 Qc5+ 49. Qe3 Qc2+
50. Qe2 Qf5+ 51. Kg2 Qd5+ 52. Qf3 Qd2+ 53. Qf2 Qd5+ 54. Qf3 Qd2+ 55. Qf2
Qd5+ 56. Qf3 {Game drawn by repetition} 1/2-1/2

[Event "ICCopen2016"]
[Site "Internet Chess Club"]
[Date "2016.06.03"]
[Round "3"]
[White "Harmonie"]
[Black "Kakarotto"]
[Result "1/2-1/2"]
[ICCResult "Game drawn because neither player has mating material"]
[WhiteElo "3144"]
[BlackElo "2659"]
[Opening "Réti opening"]
[ECO "E06"]
[NIC "CA.05"]
[Time "19:22:16"]
[TimeControl "180+0"]

1. Nf3 Nf6 2. g3 e6 3. Bg2 d5 4. O-O Be7 5. d4 O-O 6. c4 dxc4 7. Qc2 b6 8.
Qxc4 Bb7 9. Nc3 Nbd7 10. Rd1 a6 11. Ne5 Bxg2 12. Kxg2 Qc8 13. Bg5 Nxe5 14.
dxe5 Nd5 15. Bxe7 Nxe7 16. Rd2 Qb7+ 17. Qe4 Qxe4+ 18. Nxe4 Rfd8 19. Rad1 Rd5
20. Nc3 Rxd2 21. Rxd2 Nc6 22. f4 Kf8 23. Ne4 Ke7 24. g4 Rd8 25. Rc2 Kd7 26.
a3 Nd4 27. Rd2 Kc8 28. Kf2 Nc6 29. Rc2 Nd4 30. Rd2 Nc6 31. Rxd8+ Kxd8 32.
Ng5 h6 33. Nxf7+ Ke8 34. Nh8 Ne7 35. h4 c5 36. h5 b5 37. Ng6 Nc6 38. Ke3 c4
39. Ke4 a5 40. f5 b4 41. axb4 axb4 42. Nf4 exf5+ 43. gxf5 c3 44. bxc3 bxc3
45. Nd3 c2 46. Nc1 Nb4 47. Kd4 Ke7 48. Kc5 Na6+ 49. Kd4 Nb4 50. Kc5 Na6+ 51.
Kd4 Nc7 52. Kd3 Nd5 53. Kxc2 Nf4 54. e3 Nxh5 55. Nd3 Ng3 56. f6+ gxf6 57.
exf6+ Kxf6 58. Nf4 Nf5 59. Kd3 Ke5 60. Ke2 Nd6 61. Nd3+ Kf5 62. Nf2 Ne4 63.
Kf3 Ng5+ 64. Kg2 h5 65. Kg3 Ne4+ 66. Kh4 Nxf2 67. Kxh5 Ng4 68. Kh4 Ke4 69.
Kxg4 Kxe3 {Game drawn because neither player has mating material} 1/2-1/2

[Event "ICCopen2016"]
[Site "Internet Chess Club"]
[Date "2016.06.03"]
[Round "3"]
[White "nyquist2017"]
[Black "hunterking"]
[Result "1-0"]
[ICCResult "Black forfeits on time"]
[WhiteElo "1732"]
[BlackElo "1398"]
[Opening "French: Réti (Spielmann) variation"]
[ECO "C00"]
[NIC "FR.01"]
[Time "19:22:46"]
[TimeControl "180+0"]

1. e4 e6 2. b3 d5 3. Bb2 dxe4 4. Qe2 f5 5. f3 Qh4+ 6. g3 Qe7 7. fxe4 fxe4 8.
Nc3 Nf6 9. Bg2 Nc6 10. Nxe4 Nxe4 11. Bxe4 Bd7 12. Qh5+ Kd8 13. Nf3 g6 14.
Qb5 Bg7 15. O-O-O Bxb2+ 16. Kxb2 Qg7+ 17. c3 Kc8 18. d4 a6 19. Qc4 Rf8 20.
Rhf1 e5 21. d5 Na5 22. Qc5 b6 23. Qxf8+ Qxf8 24. Nxe5 Qe7 25. d6 cxd6 26.
Nxd7 Qxd7 27. Rf8+ Kc7 28. Rxa8 Nc6 29. Rf1 b5 30. Bd5 Kb6 31. Rf7 Nd8 32.
Rxd7 {Black forfeits on time} 1-0

[Event "ICCopen2016"]
[Site "Internet Chess Club"]
[Date "2016.06.03"]
[Round "3"]
[White "TitaniumNinja01"]
[Black "Schack"]
[Result "0-1"]
[ICCResult "White forfeits on time"]
[WhiteElo "1277"]
[BlackElo "1666"]
[Opening "Sicilian defense"]
[ECO "B20"]
[NIC "SI.48"]
[Time "19:22:56"]
[TimeControl "180+0"]

1. e4 c5 2. d3 g6 3. f4 Bg7 4. Nf3 e6 5. Nc3 Ne7 6. g3 Nbc6 7. Bg2 O-O 8.
Be3 d6 9. Qd2 Nd4 10. Ne2 Nec6 11. c3 Nxf3+ 12. Bxf3 e5 13. O-O-O b5 14. h4
b4 15. h5 bxc3 16. Nxc3 Qa5 17. hxg6 fxg6 18. Qh2 h5 19. Bxh5 gxh5 20. Qxh5
Nb4 21. Qh7+ Kf7 22. f5 Nxa2+ 23. Nxa2 Qxa2 24. Qg6+ Kg8 25. Qh7+ Kf7 26.
Qg6+ Ke7 27. Qxg7+ Rf7 28. Bg5+ Kd7 29. Qxf7+ Qxf7 30. Bd2 Rb8 31. g4 Qb3
32. Rh7+ Kc6 33. Bc3 a5 34. Rd2 a4 35. Ra7 Bb7 36. Ra5 Rh8 37. Rd1 Rh2 38.
Bd2 Rh3 39. Ra7 Rxd3 40. Rxb7 Qc4+ 41. Bc3 Kxb7 42. Rxd3 Qxd3 43. Ba5 Qe3+
44. Kc2 Qxe4+ {White forfeits on time} 0-1

[Event "ICCopen2016"]
[Site "Internet Chess Club"]
[Date "2016.06.03"]
[Round "3"]
[White "HouseOfFun"]
[Black "chigamaster"]
[Result "0-1"]
[ICCResult "White forfeits on time"]
[WhiteElo "2456"]
[BlackElo "2956"]
[Opening "English opening"]
[ECO "A10"]
[NIC "EO.64"]
[Time "19:22:21"]
[TimeControl "180+0"]

1. c4 g6 2. g3 Bg7 3. Bg2 c5 4. e3 Nf6 5. Ne2 O-O 6. O-O Nc6 7. Nbc3 d6 8.
b3 Bf5 9. d4 Qd7 10. Re1 Bh3 11. Bh1 Rac8 12. Bb2 cxd4 13. exd4 Rfe8 14. Qd2
e5 15. Nd5 Nxd5 16. Bxd5 Be6 17. Bg2 Bh3 18. Bd5 Qf5 19. dxe5 dxe5 20. Rad1
Bg4 21. Qe3 Qh5 22. f3 Be6 23. Bxe6 Rxe6 24. Nc3 Nd4 25. Rf1 Ree8 26. Nd5
Qh3 27. Qf2 Nc6 28. Rfe1 Qf5 29. Qe2 h5 30. Qe4 Qe6 31. Kg2 a6 32. Nb6 Rcd8
33. Nd5 Kh7 34. Nc7 Qe7 35. Nxe8 Rxe8 36. Rd2 Qb4 37. Red1 Qa5 38. a3 Qb6
39. b4 a5 40. c5 Qb5 41. Qd3 Qa4 42. Qc2 Qb5 43. Qd3 Qa4 44. Qd7 Re7 45. Qd6
axb4 46. axb4 Qxb4 47. Rb1 e4 48. Bxg7 exf3+ 49. Kxf3 Qxb1 50. Bc3 Qh1+ 51.
Kf2 Qxh2+ 52. Kf3 Qh1+ 53. Kf2 Qe4 54. Qd3 Qxd3 55. Rxd3 g5 56. Rd5 Kg6 57.
Bd2 f6 58. Rd6 Re5 59. Bc3 Rf5+ 60. Kg2 Ne7 61. g4 hxg4 62. Rd7 Nd5 63. Rxb7
Nxc3 64. c6 Nd5 65. Rb3 Nf4+ 66. Kh2 Ne6 67. Rb5 Rf2+ {White forfeits on
time} 0-1

[Event "ICCopen2016"]
[Site "Internet Chess Club"]
[Date "2016.06.03"]
[Round "3"]
[White "Rayconniff"]
[Black "gmgattass"]
[Result "0-1"]
[ICCResult "White forfeits on time"]
[WhiteElo "1642"]
[BlackElo "2243"]
[Opening "Sicilian: Smith-Morra gambit"]
[ECO "B21"]
[NIC "SI.48"]
[Time "19:22:38"]
[TimeControl "180+0"]

1. e4 c5 2. d4 cxd4 3. c3 dxc3 4. Nxc3 d6 5. Nf3 Nc6 6. h3 e6 7. Bc4 a6 8.
a3 Nf6 9. O-O Be7 10. Qe2 Ne5 11. Nxe5 dxe5 12. Rd1 Qc7 13. Be3 Bd7 14. Rac1
Bc6 15. b4 b5 16. Bb3 Qb7 17. f3 O-O 18. Qf2 Rac8 19. Qg3 Nd7 20. Ne2 a5 21.
bxa5 Bxa3 22. Ra1 Bc5 23. Qf2 Qa7 24. Bxc5 Qxc5 25. a6 Qxf2+ 26. Kxf2 Nc5
27. Rdb1 Rc7 28. Nc3 Ra8 29. Bd1 b4 30. Na4 Bxa4 31. Bxa4 Rxa6 32. Ke3 h5
33. Bb5 Rxa1 34. Rxa1 Rb7 35. Ra8+ Kh7 36. Bd3 Nxd3 37. Kxd3 b3 38. Ra1 h4
39. Rb1 Kh6 40. Kc3 Kg5 41. Rxb3 Rxb3+ 42. Kxb3 Kf4 43. Kc3 Kg3 44. Kd3 Kxg2
45. Ke3 Kg3 46. Ke2 f5 47. exf5 exf5 48. Ke3 g5 49. Ke2 Kxh3 50. Ke3 Kg3 51.
Ke2 h3 52. Kf1 h2 {White forfeits on time} 0-1

[Event "ICCopen2016"]
[Site "Internet Chess Club"]
[Date "2016.06.03"]
[Round "3"]
[White "claris"]
[Black "wardjp"]
[Result "1-0"]
[ICCResult "Black forfeits on time"]
[WhiteElo "1471"]
[BlackElo "1786"]
[Opening "Queen's gambit declined"]
[ECO "D30"]
[NIC "QP.08"]
[Time "19:23:04"]
[TimeControl "180+0"]

1. d4 d5 2. c4 e6 3. Nf3 a6 4. g3 dxc4 5. a4 Nc6 6. e3 Rb8 7. Bxc4 Nf6 8.
O-O Bd6 9. Nc3 O-O 10. b3 e5 11. d5 e4 12. dxc6 exf3 13. Qxf3 bxc6 14. Rd1
Qe7 15. Qe2 Re8 16. Bb2 Bg4 17. f3 Bh5 18. e4 Nd7 19. g4 Bg6 20. Re1 Nc5 21.
Qc2 Bf4 22. Ne2 Be5 23. Bxe5 Qxe5 24. Rab1 h5 25. h3 hxg4 26. hxg4 Ne6 27.
Bxe6 fxe6 28. Qxc6 Rf8 29. Kg2 Rb6 30. Qc4 Qg5 31. Qxc7 Qe3 32. Ng3 Qxf3+
33. Kh3 Rb4 34. Rf1 Qd3 35. Rxf8+ Kxf8 36. Qd8+ Kf7 37. Qd7+ Kf6 38. Qxd3
{Black forfeits on time}
1-0

[Event "ICCopen2016"]
[Site "Internet Chess Club"]
[Date "2016.06.03"]
[Round "3"]
[White "josper05"]
[Black "TitanRivas"]
[Result "0-1"]
[ICCResult "White resigns"]
[WhiteElo "1450"]
[BlackElo "1892"]
[Opening "English, 1...Nf6 (Anglo-Indian defense)"]
[ECO "A15"]
[NIC "EO.64"]
[Time "19:22:49"]
[TimeControl "180+0"]

1. c4 Nf6 2. g3 g6 3. Bg2 Bg7 4. Nc3 O-O 5. d3 c6 6. e4 d6 7. Nge2 Qa5 8.
O-O Qh5 9. Nf4 Qxd1 10. Rxd1 Nbd7 11. Be3 Ne5 12. h3 a6 13. b3 b5 14. d4
Ned7 15. d5 Bb7 16. Rac1 b4 17. Nce2 c5 18. Nd3 a5 19. f4 a4 20. e5 Ne8 21.
e6 fxe6 22. dxe6 Bxg2 23. exd7 Bf3 24. dxe8=Q Rfxe8 25. Re1 axb3 26. axb3
Ra2 27. Kf2 Be4 28. Nxc5 dxc5 29. Bxc5 Bc3 30. Ke3 Bxe1 31. Kxe4 Rxe2+ 32.
Kf3 Re6 33. Be3 Bc3 34. c5 Rd8 35. g4 Rxe3+ 36. Kxe3 Bd2+ 37. Ke4 Bxc1 38.
c6 Bxf4 39. Kxf4 Rc8 40. Ke5 Rxc6 41. h4 Rc3 42. Ke6 Rxb3 43. Kxe7 Rg3
{White resigns}
0-1

[Event "ICCopen2016"]
[Site "Internet Chess Club"]
[Date "2016.06.03"]
[Round "3"]
[White "HPG1947"]
[Black "zelog"]
[Result "0-1"]
[ICCResult "White forfeits on time"]
[WhiteElo "1613"]
[BlackElo "2219"]
[Opening "Alekhine's defense: Maróczy variation"]
[ECO "A00"]
[NIC "VO.13"]
[Time "19:23:12"]
[TimeControl "180+0"]

1. d3 Nf6 2. e4 c5 3. f4 d6 4. Nf3 Nc6 5. Be2 Bg4 6. O-O e6 7. c3 Be7 8. Qe1
O-O 9. Qg3 Bxf3 10. Bxf3 Qb6 11. Kh1 d5 12. e5 Nd7 13. Qh3 g6 14. Na3 Rfd8
15. Nc2 Bf8 16. Ne3 Bg7 17. Ng4 Rac8 18. Nh6+ Kf8 19. g4 Ne7 20. f5 gxf5 21.
Bg5 Nxe5 22. gxf5 Nxf3 23. Rxf3 exf5 24. Bxe7+ Kxe7 25. Nxf5+ Kf8 26. Rg1
Bf6 27. Qxh7 Ke8 28. Qg8+ Kd7 29. Qxf7+ Kc6 30. Qxf6+ Kc7 31. Qe5+ Kc6 32.
Rg6+ Kb5 33. Rxb6+ axb6 34. Nd6+ Rxd6 35. Qxd6 Rc6 36. Qxd5 Ka6 37. Rf8 b5
38. Ra8+ Kb6 39. Qd8+ Rc7 40. Rc8 Ka7 41. Qxc7 c4 42. Rb8 Ka6
{White forfeits on time}
0-1